[ AOE2 MATCH · #458465750 ]
Team RMPersians vs Tupi
[ REPLAY ANALYSIS · EXTRACTED FROM THE RECORDED GAME ]
Feudal
10:02
Castle
15:11
Imperial
—
| APM avg | 44.7 |
| APM peak | 84 |
| eAPM avg | 12.5 |
| Villagers / military | 49 / 11 |
Focus
⚔️ 16.7% · 🌾 83.3%
Knight ×11
Feudal
10:07
Castle
—
Imperial
—
| APM avg | 27.2 |
| APM peak | 64 |
| eAPM avg | 10.1 |
| Villagers / military | 33 / 2 |
Focus
⚔️ 11.0% · 🌾 89.0%
Unknown (2550) ×4 · Demolition Raft ×2 · Fishing Ship ×1
Feudal
10:50
Castle
—
Imperial
—
| APM avg | 27.9 |
| APM peak | 56 |
| eAPM avg | 15.2 |
| Villagers / military | 58 / 5 |
Focus
⚔️ 29.9% · 🌾 70.1%
Unknown (2550) ×15 · Fishing Ship ×6 · Demolition Raft ×3 · Fire Galley ×2
Feudal
13:17
Castle
17:52
Imperial
—
| APM avg | 29.0 |
| APM peak | 73 |
| eAPM avg | 10.0 |
| Villagers / military | 45 / 0 |
Focus
⚔️ 19.0% · 🌾 81.0%
Unknown (2550) ×10
Feudal
9:16
Castle
—
Imperial
—
| APM avg | 58.2 |
| APM peak | 92 |
| eAPM avg | 20.2 |
| Villagers / military | 54 / 37 |
Focus
⚔️ 28.4% · 🌾 71.6%
Archer ×37
Feudal
8:58
Castle
—
Imperial
—
| APM avg | 60.8 |
| APM peak | 108 |
| eAPM avg | 22.8 |
| Villagers / military | 44 / 6 |
Focus
⚔️ 21.8% · 🌾 78.2%
Scout Cavalry ×6
Match map
Initial resources + every placement click. Lines = walls · curves = elevation contours. ◆ gold · ⬟ stone · ● berries · ✦ relic · ◌ wall gap
Your base· Open — unwalled flank
chinorro's base· Open — unwalled flank
alexisjcw's base· Open — unwalled flank
Taki's base· Open — unwalled flank
[GDL] GEN0S's base· Open — unwalled flank
KING SPARTACUS's base· Open — unwalled flank
Smoothed initial terrain · ◌ = detected wall gap · hover for details
Inputs per minute
— selaha_God - - chinorro
Build order — selaha_God
102 actions detected in the replay
| 0:01 | Create | Villager (Male) |
| 0:02 | Build | House |
| 0:03 | Build | House |
| 0:25 | Create | Villager (Male) |
| 0:25 | Create | Villager (Male) |
| 0:25 | Create | Villager (Male) |
| 0:26 | Create | Villager (Male) |
| 1:33 | Create | Villager (Male) |
| 1:34 | Create | Villager (Male) |
| 1:57 | Create | Villager (Male) |
| 1:57 | Create | Villager (Male) |
| 1:58 | Create | Villager (Male) |
| 2:13 | Build | Lumber Camp |
| 2:23 | Create | Villager (Male) |
| 2:41 | Create | Villager (Male) |
| 2:41 | Create | Villager (Male) |
| 2:41 | Create | Villager (Male) |
| 3:12 | Create | Villager (Male) |
| 3:12 | Create | Villager (Male) |
| 3:12 | Create | Villager (Male) |
| 3:15 | Build | House |
| 3:16 | Build | House |
| 3:48 | Create | Villager (Male) |
| 3:48 | Create | Villager (Male) |
| 4:22 | Create | Villager (Male) |
| 4:23 | Create | Villager (Male) |
| 4:23 | Create | Villager (Male) |
| 4:48 | Create | Villager (Male) |
| 4:48 | Create | Villager (Male) |
| 4:48 | Create | Villager (Male) |
| 4:49 | Create | Villager (Male) |
| 5:18 | Build | Mill |
| 5:34 | Create | Villager (Male) |
| 5:35 | Create | Villager (Male) |
| 5:35 | Create | Villager (Male) |
| 5:36 | Create | Villager (Male) |
| 6:23 | Create | Villager (Male) |
| 6:23 | Create | Villager (Male) |
| 6:24 | Create | Villager (Male) |
| 6:33 | Create | Villager (Male) |
| 6:46 | Create | Villager (Male) |
| 6:52 | Create | Villager (Male) |
| 6:54 | Build | Mining Camp |
| 7:10 | Research | Loom |
| 7:56 | Research | Feudal Age |
| 8:07 | Build | Barracks |
| 8:43 | Build | House |
| 8:45 | Build | House |
| 9:45 | Create | Villager (Male) |
| 10:02 | Age | Feudal Age |
| 10:04 | Build | Stable |
| 10:05 | Create | Villager (Male) |
| 10:40 | Create | Villager (Male) |
| 10:59 | Build | Blacksmith |
| 11:12 | Create | Villager (Male) |
| 11:16 | Build | Farm |
| 11:19 | Create | Villager (Male) |
| 11:27 | Build | Stable |
| 12:07 | Create | Villager (Male) |
| 12:23 | Build | House |
| 12:26 | Build | House |
| 12:45 | Research | Castle Age |
| 12:45 | Research | Castle Age |
| 12:57 | Build | Palisade Wall |
| 13:27 | Build | Farm |
| 13:28 | Build | Farm |
| 13:30 | Build | Farm |
| 13:34 | Build | House |
| 13:37 | Build | House |
| 13:40 | Build | House |
| 13:41 | Build | House |
| 13:45 | Build | House |
| 14:02 | Build | Watch Tower |
| 14:13 | Build | Farm |
| 14:14 | Build | Farm |
| 15:11 | Age | Castle Age |
| 15:13 | Create | Knight |
| 15:14 | Create | Knight |
| 15:17 | Research | Scale Barding Armor |
| 15:18 | Research | Scale Barding Armor |
| 15:24 | Create | Knight |
| 15:36 | Create | Knight |
| 15:45 | Create | Knight |
| 15:45 | Create | Knight |
| 16:08 | Create | Knight |
| 16:10 | Create | Knight |
| 16:19 | Create | Villager (Male) |
| 16:19 | Create | Villager (Male) |
| 16:38 | Create | Knight |
| 16:39 | Create | Knight |
| 16:39 | Create | Knight |
| 16:49 | Build | Farm |
| 17:06 | Create | Villager (Male) |
| 17:21 | Build | Lumber Camp |
| 17:32 | Build | Farm |
| 17:32 | Create | Villager (Male) |
| 17:33 | Create | Villager (Male) |
| 17:45 | Create | Villager (Male) |
| 18:26 | Create | Villager (Male) |
| 18:29 | Build | Farm |
| 18:30 | Build | Farm |
| 18:49 | Build | Farm |
Build order — chinorro
54 actions detected in the replay
| 0:01 | Create | Villager (Male) |
| 0:01 | Create | Villager (Male) |
| 0:04 | Build | House |
| 0:05 | Build | House |
| 0:15 | Create | Villager (Male) |
| 0:15 | Create | Villager (Male) |
| 1:27 | Create | Villager (Male) |
| 2:15 | Create | Villager (Male) |
| 2:15 | Create | Villager (Male) |
| 2:20 | Create | Villager (Male) |
| 2:20 | Create | Villager (Male) |
| 2:38 | Create | Villager (Male) |
| 2:38 | Create | Villager (Male) |
| 2:46 | Build | Settlement |
| 3:16 | Create | Villager (Male) |
| 3:16 | Create | Villager (Male) |
| 3:39 | Create | Villager (Male) |
| 4:02 | Create | Villager (Male) |
| 4:11 | Create | Villager (Male) |
| 4:30 | Build | Settlement |
| 4:55 | Build | Settlement |
| 4:58 | Create | Villager (Male) |
| 4:58 | Create | Villager (Male) |
| 5:35 | Create | Villager (Male) |
| 5:35 | Create | Villager (Male) |
| 5:43 | Create | Villager (Male) |
| 5:44 | Create | Villager (Male) |
| 6:29 | Create | Villager (Male) |
| 6:34 | Build | Dock |
| 7:57 | Research | Feudal Age |
| 8:39 | Build | Barracks |
| 9:41 | Create | Villager (Male) |
| 9:42 | Create | Villager (Male) |
| 9:45 | Create | Fishing Ship |
| 10:07 | Age | Feudal Age |
| 10:10 | Create | Villager (Male) |
| 10:10 | Create | Villager (Male) |
| 10:12 | Research | Double-Bit Axe |
| 10:14 | Create | Unit 2550 |
| 10:14 | Create | Unit 2550 |
| 10:26 | Create | Villager (Male) |
| 10:45 | Create | Villager (Male) |
| 10:45 | Create | Villager (Male) |
| 10:47 | Research | Loom |
| 11:04 | Build | Blacksmith |
| 11:06 | Create | Villager (Male) |
| 11:51 | Build | Market |
| 12:19 | Create | Villager (Male) |
| 12:19 | Create | Villager (Male) |
| 12:24 | Create | Demolition Raft |
| 12:24 | Create | Demolition Raft |
| 12:34 | Create | Unit 2550 |
| 12:42 | Research | Scale Mail Armor |
| 12:54 | Create | Unit 2550 |
Build order — alexisjcw
110 actions detected in the replay
| 0:01 | Create | Villager (Male) ×4 |
| 0:02 | Build | House |
| 0:04 | Build | House |
| 1:09 | Create | Villager (Male) |
| 1:27 | Create | Villager (Male) |
| 1:28 | Create | Villager (Male) |
| 1:53 | Create | Villager (Male) |
| 2:18 | Build | Settlement |
| 2:34 | Create | Villager (Male) |
| 2:57 | Create | Villager (Male) |
| 3:12 | Create | Villager (Male) |
| 4:10 | Create | Villager (Male) ×2 |
| 5:00 | Create | Villager (Male) |
| 5:21 | Build | Dock |
| 5:27 | Create | Villager (Male) |
| 5:27 | Create | Villager (Male) |
| 5:30 | Create | Villager (Male) ×2 |
| 6:18 | Create | Fishing Ship |
| 6:18 | Create | Fishing Ship |
| 6:26 | Create | Villager (Male) ×3 |
| 6:37 | Build | House |
| 6:45 | Research | Loom |
| 6:50 | Build | House |
| 7:07 | Build | House |
| 7:12 | Create | Villager (Male) |
| 7:41 | Create | Villager (Male) |
| 7:55 | Build | Settlement |
| 8:06 | Create | Villager (Male) |
| 8:40 | Research | Feudal Age |
| 8:53 | Create | Fishing Ship |
| 9:26 | Build | Settlement |
| 9:28 | Create | Villager (Male) |
| 9:56 | Create | Villager (Male) |
| 9:56 | Create | Villager (Male) |
| 10:10 | Create | Villager (Male) |
| 10:50 | Age | Feudal Age |
| 11:03 | Build | Barracks |
| 11:07 | Create | Villager (Male) |
| 11:14 | Research | Double-Bit Axe |
| 11:17 | Research | Horse Collar |
| 11:32 | Create | Villager (Male) |
| 11:42 | Create | Villager (Male) |
| 11:53 | Build | Building 490 |
| 11:57 | Build | Stone Wall |
| 11:58 | Create | Villager (Male) |
| 12:02 | Create | Unit 2550 ×5 |
| 12:15 | Build | Barracks |
| 12:17 | Create | Villager (Male) |
| 12:18 | Create | Villager (Male) |
| 12:33 | Create | Villager (Male) |
| 12:40 | Research | Tech 1402 |
| 12:41 | Research | Arson |
| 12:42 | Create | Unit 2550 ×3 |
| 12:48 | Build | Farm |
| 12:49 | Build | Farm |
| 13:16 | Build | Stone Wall |
| 13:28 | Create | Unit 2550 |
| 13:28 | Create | Unit 2550 |
| 13:38 | Create | Villager (Male) |
| 13:44 | Build | Blacksmith |
| 13:49 | Build | Building 665 |
| 13:50 | Build | House |
| 13:52 | Build | House |
| 14:00 | Build | House |
| 14:02 | Create | Villager (Male) |
| 14:02 | Create | Villager (Male) |
| 14:06 | Create | Unit 2550 ×3 |
| 14:18 | Create | Villager (Male) |
| 14:37 | Research | Forging |
| 14:38 | Create | Villager (Male) |
| 14:53 | Build | Settlement |
| 14:54 | Create | Villager (Male) |
| 15:05 | Build | Stone Wall |
| 15:06 | Create | Villager (Male) |
| 15:15 | Build | Dock |
| 15:20 | Create | Villager (Male) |
| 15:38 | Create | Villager (Male) |
| 15:47 | Research | Scale Mail Armor |
| 15:48 | Create | Villager (Male) |
| 15:56 | Build | Farm |
| 15:57 | Build | Farm |
| 15:58 | Build | Farm |
| 16:00 | Create | Demolition Raft |
| 16:10 | Create | Unit 2550 ×2 |
| 16:32 | Create | Villager (Male) |
| 16:32 | Create | Villager (Male) |
| 16:38 | Create | Demolition Raft |
| 16:39 | Create | Demolition Raft |
| 16:48 | Create | Fishing Ship |
| 16:48 | Create | Fishing Ship |
| 16:51 | Create | Fishing Ship |
| 16:55 | Create | Villager (Male) |
| 17:03 | Create | Villager (Male) |
| 17:03 | Create | Villager (Male) |
| 17:34 | Create | Villager (Male) |
| 17:34 | Create | Villager (Male) |
| 17:43 | Create | Fire Galley |
| 17:44 | Create | Fire Galley |
| 17:53 | Research | Gold Mining |
| 18:00 | Build | Farm |
| 18:00 | Build | Farm |
| 18:15 | Create | Villager (Male) |
| 18:16 | Create | Villager (Male) |
| 18:38 | Create | Villager (Male) |
| 18:38 | Create | Villager (Male) |
| 18:43 | Create | Villager (Male) |
| 18:47 | Build | Farm |
| 18:47 | Build | Farm |
| 18:47 | Build | Farm |
| 19:08 | Create | Villager (Male) |
Build order — Taki
93 actions detected in the replay
| 0:05 | Build | House |
| 0:06 | Create | Villager (Male) |
| 0:07 | Create | Villager (Male) |
| 0:07 | Create | Villager (Male) |
| 0:19 | Build | House |
| 0:26 | Create | Villager (Male) |
| 0:26 | Create | Villager (Male) |
| 1:08 | Create | Villager (Male) |
| 1:09 | Create | Villager (Male) |
| 1:40 | Create | Villager (Male) |
| 1:40 | Create | Villager (Male) |
| 2:07 | Create | Villager (Male) |
| 2:07 | Create | Villager (Male) |
| 2:34 | Create | Villager (Male) |
| 2:34 | Create | Villager (Male) |
| 2:44 | Build | Settlement |
| 3:10 | Create | Villager (Male) |
| 3:11 | Create | Villager (Male) |
| 3:11 | Create | Villager (Male) |
| 3:31 | Create | Villager (Male) |
| 3:31 | Create | Villager (Male) |
| 4:02 | Create | Villager (Male) |
| 4:02 | Create | Villager (Male) |
| 4:20 | Create | Villager (Male) |
| 4:20 | Create | Villager (Male) |
| 4:43 | Create | Villager (Male) |
| 4:43 | Create | Villager (Male) |
| 5:07 | Create | Villager (Male) |
| 5:08 | Create | Villager (Male) |
| 5:12 | Build | Settlement |
| 5:18 | Create | Villager (Male) |
| 5:19 | Create | Villager (Male) |
| 5:54 | Create | Villager (Male) |
| 5:55 | Create | Villager (Male) |
| 6:18 | Create | Villager (Male) |
| 6:18 | Create | Villager (Male) |
| 6:19 | Create | Villager (Male) |
| 6:31 | Build | House |
| 6:49 | Build | Barracks |
| 6:51 | Create | Villager (Male) |
| 6:52 | Create | Villager (Male) |
| 6:52 | Create | Villager (Male) |
| 7:25 | Build | Palisade Wall |
| 7:28 | Build | House |
| 7:31 | Create | Villager (Male) |
| 7:31 | Create | Villager (Male) |
| 7:31 | Create | Villager (Male) |
| 8:04 | Create | Villager (Male) |
| 8:04 | Create | Villager (Male) |
| 8:18 | Create | Villager (Male) |
| 8:18 | Create | Villager (Male) |
| 8:38 | Build | House |
| 9:02 | Build | House |
| 9:18 | Build | Settlement |
| 9:33 | Build | Barracks |
| 9:52 | Build | House |
| 10:18 | Research | Loom |
| 11:05 | Build | House |
| 11:07 | Research | Feudal Age |
| 11:07 | Research | Feudal Age |
| 11:30 | Build | Barracks |
| 11:50 | Build | Settlement |
| 13:17 | Age | Feudal Age |
| 13:19 | Build | Blacksmith |
| 13:29 | Build | Settlement |
| 14:30 | Build | Market |
| 14:53 | Research | Tech 1402 |
| 15:12 | Research | Castle Age |
| 15:28 | Build | Farm |
| 15:30 | Build | Farm |
| 15:31 | Build | Farm |
| 15:39 | Create | Unit 2550 |
| 15:40 | Create | Unit 2550 |
| 15:59 | Build | Farm |
| 16:00 | Build | Farm |
| 16:04 | Build | Farm |
| 16:20 | Create | Unit 2550 |
| 16:20 | Create | Unit 2550 |
| 16:49 | Build | Farm |
| 16:50 | Build | Farm |
| 17:07 | Create | Unit 2550 |
| 17:07 | Create | Unit 2550 |
| 17:19 | Build | Farm |
| 17:32 | Build | Farm |
| 17:34 | Create | Unit 2550 |
| 17:34 | Create | Unit 2550 |
| 17:45 | Build | Farm |
| 17:48 | Create | Unit 2550 |
| 17:49 | Create | Unit 2550 |
| 17:52 | Age | Castle Age |
| 18:21 | Research | Tech 1351 |
| 18:43 | Create | Villager (Male) |
| 18:43 | Create | Villager (Male) |
Build order — [GDL] GEN0S
135 actions detected in the replay
| 0:01 | Research | Loom |
| 0:02 | Create | Villager (Male) |
| 0:02 | Create | Villager (Male) |
| 0:04 | Build | House |
| 0:05 | Build | House |
| 0:06 | Create | Villager (Male) |
| 1:22 | Create | Villager (Male) |
| 1:48 | Create | Villager (Male) |
| 2:18 | Build | Lumber Camp |
| 2:30 | Create | Villager (Male) |
| 2:31 | Create | Villager (Male) |
| 2:31 | Create | Villager (Male) |
| 2:59 | Build | House |
| 3:04 | Build | House |
| 3:18 | Create | Villager (Male) |
| 3:18 | Create | Villager (Male) |
| 3:40 | Create | Villager (Male) |
| 3:40 | Create | Villager (Male) |
| 3:40 | Create | Villager (Male) |
| 4:00 | Create | Villager (Male) |
| 4:00 | Create | Villager (Male) |
| 4:31 | Create | Villager (Male) |
| 4:31 | Create | Villager (Male) |
| 4:48 | Create | Villager (Male) |
| 4:49 | Create | Villager (Male) |
| 5:41 | Create | Villager (Male) |
| 5:41 | Create | Villager (Male) |
| 5:48 | Create | Villager (Male) |
| 5:48 | Create | Villager (Male) |
| 5:49 | Create | Villager (Male) |
| 6:07 | Build | Mining Camp |
| 6:14 | Create | Villager (Male) |
| 7:06 | Research | Feudal Age |
| 7:41 | Build | Barracks |
| 8:10 | Create | Villager (Male) |
| 8:10 | Create | Villager (Male) |
| 8:45 | Build | House |
| 9:06 | Build | Building 796 |
| 9:16 | Age | Feudal Age |
| 9:20 | Build | Archery Range |
| 9:23 | Build | Archery Range |
| 9:24 | Create | Villager (Male) |
| 9:44 | Build | House |
| 10:10 | Create | Villager (Male) |
| 10:11 | Create | Villager (Male) |
| 10:18 | Create | Archer |
| 10:18 | Create | Archer |
| 10:19 | Create | Archer |
| 10:30 | Create | Villager (Male) |
| 10:37 | Research | Double-Bit Axe |
| 10:46 | Build | Blacksmith |
| 10:52 | Create | Archer |
| 10:52 | Create | Archer |
| 11:07 | Build | House |
| 11:13 | Create | Archer |
| 11:20 | Create | Villager (Male) |
| 11:37 | Build | Building 796 |
| 11:46 | Build | House |
| 11:53 | Create | Villager (Male) |
| 11:54 | Create | Villager (Male) |
| 12:06 | Research | Fletching |
| 12:10 | Create | Archer |
| 12:11 | Create | Archer |
| 12:24 | Create | Villager (Male) |
| 12:24 | Create | Villager (Male) |
| 12:47 | Create | Archer |
| 12:47 | Create | Archer |
| 13:04 | Create | Archer |
| 13:04 | Create | Archer |
| 13:05 | Create | Villager (Male) |
| 13:05 | Create | Villager (Male) |
| 13:38 | Create | Archer |
| 13:38 | Create | Archer |
| 13:39 | Create | Villager (Male) |
| 13:39 | Create | Villager (Male) |
| 13:44 | Build | House |
| 13:49 | Build | House |
| 13:50 | Create | Villager (Male) |
| 13:54 | Create | Archer |
| 14:31 | Create | Villager (Male) |
| 14:31 | Create | Villager (Male) |
| 14:38 | Build | Mill |
| 14:38 | Create | Villager (Male) |
| 14:46 | Create | Archer |
| 14:47 | Create | Archer |
| 14:47 | Create | Archer |
| 14:57 | Build | House |
| 15:03 | Build | House |
| 15:05 | Build | House |
| 15:13 | Create | Archer |
| 15:13 | Create | Archer |
| 15:13 | Create | Archer |
| 15:15 | Create | Villager (Male) |
| 15:21 | Build | Farm |
| 15:21 | Build | Farm |
| 15:22 | Build | Farm |
| 15:22 | Build | Farm |
| 15:22 | Build | Farm |
| 15:22 | Build | Farm |
| 15:22 | Build | Farm |
| 15:23 | Build | Farm |
| 15:23 | Build | Farm |
| 15:23 | Build | Farm |
| 15:43 | Create | Villager (Male) |
| 16:25 | Create | Villager (Male) |
| 16:25 | Create | Villager (Male) |
| 16:29 | Create | Archer |
| 16:30 | Create | Archer |
| 16:30 | Create | Archer |
| 16:30 | Create | Archer |
| 16:34 | Build | Farm |
| 16:39 | Build | Farm |
| 17:02 | Build | House |
| 17:04 | Build | House |
| 17:13 | Build | House |
| 17:19 | Build | House |
| 17:26 | Create | Archer |
| 17:26 | Create | Archer |
| 17:27 | Create | Archer |
| 17:34 | Build | House |
| 17:37 | Create | Villager (Male) |
| 17:37 | Create | Villager (Male) |
| 17:38 | Create | Villager (Male) |
| 17:44 | Build | Farm |
| 17:47 | Build | Farm |
| 17:50 | Build | Farm |
| 18:27 | Create | Villager (Male) |
| 18:44 | Create | Archer ×5 |
| 18:44 | Create | Archer ×2 |
| 19:00 | Create | Archer |
| 19:01 | Create | Archer |
| 19:02 | Create | Villager (Male) |
| 19:02 | Create | Villager (Male) |
| 19:06 | Build | Farm |
| 19:06 | Build | Farm |
Build order — KING SPARTACUS
94 actions detected in the replay
| 0:01 | Create | Villager (Male) |
| 0:01 | Create | Villager (Male) |
| 0:03 | Build | House |
| 0:05 | Build | House |
| 0:12 | Create | Villager (Male) |
| 0:12 | Create | Villager (Male) |
| 1:23 | Build | Lumber Camp |
| 1:34 | Create | Villager (Male) |
| 1:34 | Create | Villager (Male) |
| 2:03 | Build | House |
| 2:05 | Build | Palisade Wall |
| 2:07 | Build | Palisade Wall |
| 2:08 | Build | Palisade Wall |
| 2:09 | Build | Palisade Wall |
| 2:18 | Create | Villager (Male) |
| 2:18 | Create | Villager (Male) |
| 2:35 | Build | House |
| 2:43 | Create | Villager (Male) |
| 2:43 | Create | Villager (Male) |
| 2:43 | Create | Villager (Male) |
| 3:30 | Create | Villager (Male) |
| 3:31 | Create | Villager (Male) |
| 3:47 | Create | Villager (Male) |
| 3:48 | Create | Villager (Male) |
| 3:56 | Build | Palisade Wall |
| 4:44 | Create | Villager (Male) |
| 4:48 | Create | Villager (Male) |
| 5:01 | Build | Mill |
| 5:26 | Create | Villager (Male) |
| 5:40 | Create | Villager (Male) |
| 6:48 | Research | Feudal Age |
| 6:48 | Research | Feudal Age |
| 7:31 | Build | Barracks |
| 8:56 | Create | Villager (Male) |
| 8:56 | Create | Villager (Male) |
| 8:58 | Age | Feudal Age |
| 9:02 | Build | Stable |
| 9:14 | Build | House |
| 9:51 | Create | Villager (Male) |
| 10:03 | Create | Villager (Male) |
| 10:06 | Build | House |
| 10:18 | Create | Scout Cavalry |
| 10:18 | Create | Scout Cavalry |
| 10:18 | Create | Scout Cavalry |
| 10:22 | Research | Double-Bit Axe |
| 10:24 | Research | Horse Collar |
| 10:30 | Create | Villager (Male) |
| 10:46 | Build | Farm |
| 10:48 | Build | Farm |
| 10:52 | Build | Palisade Wall |
| 11:01 | Build | Farm |
| 11:02 | Create | Scout Cavalry |
| 11:04 | Create | Villager (Male) |
| 11:15 | Build | House |
| 11:20 | Create | Villager (Male) |
| 11:30 | Create | Scout Cavalry |
| 11:34 | Build | House |
| 11:36 | Build | Palisade Gate |
| 11:40 | Build | Palisade Wall |
| 11:47 | Create | Villager (Male) |
| 11:52 | Build | Farm |
| 11:57 | Build | Farm |
| 12:08 | Create | Villager (Male) |
| 12:15 | Create | Scout Cavalry |
| 12:42 | Create | Villager (Male) |
| 12:53 | Build | Farm |
| 13:01 | Build | Farm |
| 13:31 | Create | Villager (Male) |
| 13:32 | Create | Villager (Male) |
| 13:46 | Build | Blacksmith |
| 13:52 | Build | Blacksmith |
| 13:54 | Create | Villager (Male) |
| 14:24 | Create | Villager (Male) |
| 14:28 | Build | Farm |
| 14:30 | Build | Farm |
| 14:34 | Create | Villager (Male) |
| 14:35 | Create | Villager (Male) ×5 |
| 14:38 | Research | Forging |
| 14:38 | Research | Forging |
| 14:41 | Build | House |
| 15:08 | Build | Lumber Camp |
| 15:21 | Build | Mining Camp |
| 15:25 | Build | Farm |
| 15:34 | Create | Villager (Male) |
| 15:42 | Build | Farm |
| 16:24 | Create | Villager (Male) |
| 16:49 | Create | Villager (Male) |
| 17:04 | Build | Market |
| 17:17 | Create | Villager (Male) |
| 17:41 | Create | Villager (Male) |
| 17:53 | Research | Castle Age |
| 18:13 | Build | House |
| 18:31 | Build | Stable |
| 18:58 | Build | House |
Match timeline
| 2:05 | KING SPARTACUS · wall_segment Palisade Wall x1 |
| 2:07 | KING SPARTACUS · wall_segment Palisade Wall x1 |
| 2:08 | KING SPARTACUS · wall_segment Palisade Wall x1 |
| 2:09 | KING SPARTACUS · wall_segment Palisade Wall x1 |
| 3:56 | KING SPARTACUS · wall_segment Palisade Wall x2 |
| 5:21 | alexisjcw · first_building Dock |
| 6:34 | chinorro · first_building Dock |
| 6:49 | Taki · first_building Barracks |
| 7:25 | Taki · wall_segment Palisade Wall x1 |
| 7:31 | KING SPARTACUS · first_building Barracks |
| 7:41 | [GDL] GEN0S · first_building Barracks |
| 8:07 | selaha_God · first_building Barracks |
| 8:39 | chinorro · first_building Barracks |
| 8:58 | KING SPARTACUS · age_up feudal |
| 9:02 | KING SPARTACUS · first_building Stable |
| 9:16 | [GDL] GEN0S · age_up feudal |
| 9:20 | [GDL] GEN0S · first_building Archery Range |
| 10:02 | selaha_God · age_up feudal |
| 10:04 | selaha_God · first_building Stable |
| 10:07 | chinorro · age_up feudal |
| 10:50 | alexisjcw · age_up feudal |
| 10:52 | KING SPARTACUS · wall_segment Palisade Wall x2 |
| 11:03 | alexisjcw · first_building Barracks |
| 11:40 | KING SPARTACUS · wall_segment Palisade Wall x7 |
| 11:57 | alexisjcw · wall_segment Stone Wall x9 |
| 12:57 | selaha_God · wall_segment Palisade Wall x1 |
| 13:16 | alexisjcw · wall_segment Stone Wall x8 |
| 13:17 | Taki · age_up feudal |
| 14:09 | chinorro · resign |
| 15:05 | alexisjcw · wall_segment Stone Wall x10 |
| 15:11 | selaha_God · age_up castle |
| 17:52 | Taki · age_up castle |
[ AI ANALYSIS · 1 CREDIT ]
What really happened in this match?
Wolo.gg analyzes every decision: build order, eco, micro, common mistakes by bracket. Personalized analysis on WhatsApp or Discord in 30 seconds.
Civ guide
Persians
Map guide
Coastal Forest
Perfil
selaha_God